 Dungeon Crawl Stone Soup version 0.28-a0-730-g892d06dc2c (webtiles) character file.

Game seed: 3717885914799305236

175775 kae the Unseen (level 17, -11/90 HPs)
             Began as a Spriggan Enchanter on Oct 28, 2021.
             Was the Champion of Dithmenos.
             Mangled by a bunyip (33 damage)
             ... on level 2 of the Swamp.
             The game lasted 01:05:12 (48951 turns).

kae the Unseen (Spriggan Enchanter)                Turns: 48951, Time: 01:05:12

Health: -11/90     AC:  9    Str: 10    XL:     17   Next: 48%
Magic:  25/31      EV: 29    Int: 16    God:    Dithmenos [******]
Gold:   3456       SH: 11    Dex: 17    Spells: 11/34 levels left

rFire   + + .      SeeInvis +   Z - +8 dagger (vamp)
rCold   . . .      Faith    .   c - +3 warlock's mirror {reflect}
rNeg    . . .      Spirit   .   O - +2 steam dragon scales
rPois   .          Reflect  +   K - +1 hat
rElec   +          Harm     .   s - +0 cloak
rCorr   +          Rampage  .   (gloves unavailable)
Will    +++..      Clarity  +   (boots unavailable) Stlth *******+++
                                (no amulet)
HPRegen 0.25/turn               y - ring "Pihoun" {rElec rF+ rCorr Int-4 Stlth+}
MPRegen 0.22/turn               H - ring of willpower

@: very slightly contaminated, wreathed by umbra, studying Axes, very quick
A: very small, no large weapons, unfitting armour, see invisible, speed 3, thin
skeletal structure 1, clarity, fire resistance 1, strong 1, noise suppression
a: Renounce Religion, Shadow Step, Shadow Form


You were on level 2 of the Swamp.
You worshipped Dithmenos.
Dithmenos was exalted by your worship.
You visited 6 branches of the dungeon, and saw 28 of its levels.
You also visited: Bailey and Ice Cave.

You collected 3988 gold pieces.
You spent 532 gold pieces at shops.

Inventory:

Hand Weapons
 a - a +1 dagger
 i - a +0 dagger of freezing
 w - a +1 short sword of speed
 Z - a +8 vampiric dagger (weapon)
Missiles
 C - 2 throwing nets (quivered)
Armour
 b - a +1 robe
 c - the +3 warlock's mirror (worn) {reflect}
   (You acquired it on level 6 of the Dungeon)

   It can block and reflect piercing ranged attacks and magical attacks against
   the wielder's willpower.
 s - a +0 cloak (worn)
 K - a +1 hat (worn)
 O - +2 steam dragon scales (worn)
 Q - +0 swamp dragon scales
 X - +0 fire dragon scales
Jewellery
 g - a ring of fire
 u - a ring of ice
 y - the ring "Pihoun" (left hand) {rElec rF+ rCorr Int-4 Stlth+}
   (You found it on level 8 of the Dungeon)

   [ring of protection from fire]

   Int:       It affects your intelligence (-4).
   rF:        It protects you from fire.
   rElec:     It insulates you from electricity.
   rCorr:     It protects you from acid and corrosion.
   Stlth:     It makes you more stealthy.
 z - a ring of fire
 A - a ring of wizardry
 H - a ring of willpower (right hand)
 L - a ring of protection from fire
 N - a ring of resist corrosion
 R - a ring of fire
 V - a ring of protection from cold
Wands
 e - a wand of flame (94)
 p - a wand of paralysis (6)
 r - a wand of iceblast (35)
 t - a wand of charming (1)
 G - a wand of mindburst (17)
 S - a wand of acid (26)
Scrolls
 h - 11 scrolls of teleportation
 n - 3 scrolls of amnesia
 B - 10 scrolls of identify
 E - 3 scrolls of fog
 F - a scroll of brand weapon
 M - a scroll of blinking
 U - 2 scrolls of magic mapping
 W - a scroll of silence
 Y - a scroll of fear
Potions
 d - 3 potions of resistance
 f - 8 potions of lignification
 j - 3 potions of magic
 k - 7 potions of flight
 l - 3 potions of mutation
 m - 6 potions of brilliance
 o - 3 potions of attraction
 q - 7 potions of cancellation
 v - 2 potions of might
 x - 10 potions of curing
 D - 2 potions of haste
 J - 13 potions of ambrosia
 P - a potion of invisibility
 T - a potion of berserk rage
Miscellaneous
 I - a tin of tremorstones (2/2)


   Skills:
 + Level 10.5 Fighting
 * Level 16.6 Short Blades
 * Level 16.3 Dodging
 + Level 17.1 Stealth
 - Level 7.2 Shields
 - Level 9.0 Spellcasting
 * Level 15.4 Hexes
 + Level 9.9 Invocations


You had 11 spell levels left.
You knew the following spells:

 Your Spells              Type           Power      Damage    Failure   Level
a - Ensorcelled Hibernat  Hex/Ice        62%        N/A       1%          2
b - Confusing Touch       Hex            54%        N/A       1%          3
c - Tukima's Dance        Hex            54%        N/A       1%          3
d - Dazzling Flash        Conj/Hex       62%        N/A       1%          3
e - Teleport Other        Tloc           7%         N/A       30%         3
f - Swiftness             Air            7%         N/A       30%         3
g - Invisibility          Hex            27%        N/A       2%          6

Your spell library contained the following spells:

 Spells                   Type           Power      Damage    Failure   Level
 Portal Projectile        Hex/Tloc       62%        N/A       1%          3
 Leda's Liquefaction      Hex/Erth       15%        N/A       4%          4
 Sting                    Tmut/Pois      28%        1d4       10%         1
 Metabolic Englaciation   Hex/Ice        15%        N/A       12%         5
 Summon Mana Viper        Hex/Summ       31%        N/A       12%         5
 Corpse Rot               Necr/Air       14%        N/A       16%         2
 Passwall                 Tmut/Erth      5%         N/A       16%         2
 Poisonous Vapours        Pois/Air       14%        N/A       16%         2
 Static Discharge         Conj/Air       7%         N/A       16%         2
 Call Canine Familiar     Summ           7%         N/A       30%         3
 Gell's Gravitas          Tloc           3%         N/A       30%         3
 Ignite Poison            Fire/Tmut/Pois 7%         N/A       30%         3
 Lesser Beckoning         Tloc           7%         N/A       30%         3
 Mephitic Cloud           Conj/Pois/Air  7%         N/A       30%         3
 Stone Arrow              Conj/Erth      14%        3d7       30%         3
 Dispel Undead            Necr           7%         3d8       69%         4
 Olgreb's Toxic Radiance  Pois           7%         N/A       69%         4
 Petrify                  Tmut/Erth      7%         N/A       69%         4
 Freezing Cloud           Conj/Ice/Air   3%         6-21      95%         5
 Lightning Bolt           Conj/Air       3%         1d15      95%         5
 Death Channel            Necr           3%         N/A       100%        6
 Dispersal                Tloc           3%         N/A       100%        6
 Iron Shot                Conj/Erth      3%         9d2       100%        6
 Statue Form              Tmut/Erth      4%         N/A       100%        6
 Disjunction              Tloc           3%         N/A       100%        8
 Maxwell's Capacitive Co  Air            3%         ∞         100%        8


Dungeon Overview and Level Annotations

Branches:
Dungeon (15/15)            Temple (1/1) D:6            Lair (6/6) D:9
  Swamp (2/4) Lair:2       Spider (0/4) Lair:3        Slime (0/5) Lair:5
    Orc (2/2) D:11            Elf (2/3) Orc:2        Vaults (0/5) D:14
 Depths (0/4) D:15         Bailey (visited)           IceCv (visited)

Altars:
Ashenzari
Cheibriados
Dithmenos
Elyvilon
Fedhas
Gozag
Hepliaklqana
Kikubaaqudgha
Makhleb
Nemelex Xobeh
Okawaru
Qazlal
Ru
Sif Muna
Trog
Uskayaw
Vehumet
Wu Jian
Xom
Yredelemnul
Zin
The Shining One
Beogh
Jiyva

Shops:
D:3 *   D:7 *=*   D:10 :   Orc:2 (*!(!!([

Annotations:
D:4 Menkaure
D:9 3 runed translucent doors
D:12 Josephine
Lair:3 1 runed translucent door, Domino's ghost, journeyman MiBe


Innate Abilities, Weirdness & Mutations

You are very small and have problems with some larger weapons.
You are too small for most types of armour.
You have supernaturally acute eyesight. (SInv)
You cover ground extremely quickly. (Speed+++)
You have a somewhat thin skeletal structure. (Dex +2, Stealth+)
You possess an exceptional clarity of mind.
Your flesh is heat resistant. (rF+)
Your muscles are strong. (Str +2)
You passively dampen the noise of your surroundings.


Message History

Found two stone staircases leading up.
A five-headed hydra comes into view.
You enter the shallow water.
Moving in this stuff is going to be slow.
Found a potion of heal wounds.
Found a glowing hat.
The helpless bloated husk fails to defend itself.
You spit the bloated husk like a pig!!!!!
Dithmenos accepts your kill.
The bloated husk explodes!
The blast of putrescent gases engulfs you!!
The blast of putrescent gases engulfs the bunyip!!
The five-headed hydra roars!
The swamp worm fires a harpoon shot at you.
Your +3 warlock's mirror {reflect} reflects the harpoon shot!
The harpoon shot hits the swamp worm!!
A swamp drake comes into view.
The bunyip claws you. You block the bunyip's attack. The bunyip claws you!
You enter the shallow water.
Moving in this stuff is going to be slow.
A will-o-the-wisp comes into view.
You block the five-headed hydra's attack.
The five-headed hydra bites you! The five-headed hydra bites you.
You emit a cloud of dark smoke.
You block the five-headed hydra's attack.
The five-headed hydra bites you but does no damage.
The five-headed hydra closely misses you. x2
The five-headed hydra bites you!
* * * LOW HITPOINT WARNING * * *
You block the five-headed hydra's attack.
The five-headed hydra completely misses you.
The will-o-the-wisp gives a chilling moan.
The bunyip howls a warning cry!
There is a stone staircase leading up here.
The five-headed hydra completely misses you. x2
You block the five-headed hydra's attack. x2
The five-headed hydra bites you.
* * * LOW HITPOINT WARNING * * *
The bunyip closely misses you. x2; The bunyip claws you!!
You die...

... ≈...... ♣♣♣
≈≈......# ♣♣♣♣≈.≈..(.#
♣♣♣.≈.♣♣.≈♣..#
♣≈.≈≈.♣♣≈...≈.
♣♣....♣♣♣≈≈w≈.♣
♣.≈≈≈♣♣♣≈.≈≈≈.♣♣
♣.≈≈≈♣ ♣..≈≈≈.≈♣♣♣♣♣♣
♣.≈≈≈♣♣♣<≈≈≈§§@§.≈.≈♣
♣.≈§†=♣♣.≈≈≈≈xD§§...♣
♣.≈≈≈....≈§≈≈§§§§.v§.≈
♣.≈≈≈...≈.≈≈§§§§§.≈≈≈.
♣≈.≈..♣≈≈..≈§§§§..≈≈≈.
♣♣....♣≈.....≈≈≈.[.≈≈.
♣.≈≈....§≈≈..≈≈≈.≈.≈§≈
♣.≈≈....≈≈≈..w≈≈♣≈..≈≈
♣♣...≈≈.≈≈≈..≈≈.♣♣.k≈≈


You could see a bunyip (catching breath), a five-headed hydra and a swamp worm.

Vanquished Creatures
  Rupert (Orc:2)
  Gastronok (D:10)
  A fenstrider witch (Swamp:1)
  Donald (Orc:2)
  A stone giant (D:15)
  A bunyip (Swamp:1)
  A deep elf death mage (Elf:1)
  Snorg (Orc:2)
  A fire dragon (D:14)
  11 hydras
  2 catoblepae
  Erica (D:8)
  Erolcha (Orc:2)
  2 two-headed ogres (D:13)
  11 death yaks
  2 centaur warriors (D:14)
  3 tengu warriors
  6 orc high priests
  24 dancing weapons
  Nergalle (D:11)
  16 deep elf knights
  5 spriggans (Swamp:1)
  A goliath frog (Swamp:1)
  7 skeletal warriors (D:14)
  A swamp dragon (Swamp:1)
  6 deep elf archers
  2 wolf spider zombies (D:14)
  A bog body (Swamp:1)
  A lindwurm (Lair:6)
  20 deep elf zephyrmancers
  17 deep elf pyromancers
  11 ugly things
  2 wolf spiders (Lair:6)
  9 orc knights
  3 cyclopes
  4 manticores
  12 elephants
  2 orc sorcerers
  An oklob plant (Lair:4)
  Maurice (D:12)
  7 black mambas
  3 torpor snails
  13 cane toads
  A gargoyle (D:10)
  4 centaur skeletons (D:14)
  7 rime drakes
  8 komodo dragons
  3 meliai (Lair:5)
  A queen bee (Lair:5)
  4 jumping spiders (Lair:3)
  5 hornets (Swamp:1)
  Grinder (D:6)
  9 polar bears
  2 trolls (Orc:1)
  A bloated husk (Swamp:2)
  A raiju (shapeshifter) (Elf:1)
  4 tyrant leeches
  15 blink frogs
  2 dream sheep (Lair:6)
  3 slime creatures (D:15)
  2 air elementals
  A vampire (D:13)
  2 redbacks (Lair:3)
  2 water elementals
  A hog (shapeshifter) (D:14)
  4 wyverns (D:9)
  60 yaks
  2 shadows
  7 wraiths
  6 basilisks
  3 fire elementals (Elf:1)
  3 vampire mosquitoes (Swamp:1)
  3 steam dragons
  3 wargs (Orc:1)
  Edmund (D:6)
  10 swamp worms
  An acid dragon (D:11)
  17 water moccasins
  13 black bears
  2 ice beasts
  A swamp drake (Swamp:1)
  A hornet zombie (D:14)
  A sky beast (D:6)
  54 orc warriors
  A boggart (D:14)
  5 ogres
  35 wolves
  8 kobold brigands
  13 centaurs
  15 bullfrogs
  2 gnoll sergeants
  An earth elemental (Elf:1)
  A scorpion (D:7)
  2 water moccasin zombies
  A wyvern skeleton (D:6)
  A water moccasin skeleton (D:5)
  31 killer bees
  7 wights
  2 electric eels
  6 howler monkeys
  11 centaur zombies
  2 bullfrog zombies
  3 hounds
  A jelly (D:6)
  30 orc priests
  Crazy Yiuf (D:5)
  A bullfrog skeleton (D:6)
  A gnoll shaman (Orc:2)
  5 iguanas
  16 orc wizards
  A scorpion zombie (D:5)
  A killer bee zombie (D:7)
  4 mummies (D:14)
  A howler monkey zombie (D:9)
  31 gnolls
  2 howler monkey skeletons
  13 adders
  A shadow imp (D:6)
  2 white imps (D:6)
  4 worms
  A dart slug (D:2)
  92 orcs
  12 ball pythons
  3 endoplasms
  2 giant cockroaches
  28 hobgoblins
  6 jackals
  3 quokkas
  7 bats
  6 frilled lizards
  23 goblins
  A jackal skeleton (D:4)
  18 kobolds
  6 rats
959 creatures vanquished.

Vanquished Creatures (others)
  A deep elf annihilator (Elf:1)
  A bog body (Swamp:1)
  A bloated husk (Swamp:1)
  2 bushes (D:9)
  38 fungi
  53 plants
  A withered plant (D:14)
97 creatures vanquished.

Grand Total: 1056 creatures vanquished

Notes
Turn   | Place    | Note
-------+----------+-------------------------------------------
     0 | D:1      | kae the Spriggan Enchanter began the quest for the Orb.
     0 | D:1      | Reached XP level 1. HP: 9/9 MP: 5/5
   366 | D:1      | Reached XP level 2. HP: 5/13 MP: 6/6
   375 | D:1      | Learned a level 2 spell: Ensorcelled Hibernation
   745 | D:1      | Found a faded altar of an unknown god.
  1508 | D:1      | Reached XP level 3. HP: 11/16 MP: 6/8
  1685 | D:1      | Learned a level 3 spell: Confusing Touch
  1689 | D:1      | Learned a level 3 spell: Tukima's Dance
  2003 | D:2      | Found a sacrificial altar of Ru.
  2014 | D:2      | Reached skill level 5 in Stealth
  2992 | D:2      | Reached XP level 4. HP: 12/21 MP: 2/9
  3968 | D:3      | Found Guety's Assorted Antiques.
  4093 | D:3      | Bought 2 red potions for 45 gold pieces
  4093 | D:3      | Bought a glowing purple potion for 22 gold pieces
  4093 | D:3      | Bought a ruby potion for 22 gold pieces
  4254 | D:3      | Reached skill level 5 in Hexes
  4442 | D:3      | Found a glowing golden altar of the Shining One.
  4442 | D:3      | Found a burning altar of Makhleb.
  4443 | D:3      | Found a hide-covered altar of Uskayaw.
  4598 | D:3      | Found a bloodstained altar of Trog.
  4605 | D:3      | Reached XP level 5. HP: 24/24 MP: 11/11
  4679 | D:4      | Noticed an ogre
  4689 | D:3      | Killed an ogre
  4762 | D:4      | Noticed Menkaure
  5009 | D:3      | Reached XP level 6. HP: 10/28 MP: 0/12
  5681 | D:4      | Reached skill level 6 in Stealth
  5830 | D:5      | Entered Level 5 of the Dungeon
  6172 | D:5      | Reached XP level 7. HP: 32/32 MP: 14/14
  6187 | D:5      | Reached skill level 5 in Short Blades
  6619 | D:5      | Reached skill level 7 in Stealth
  7056 | D:5      | Found a runed translucent door.
  7057 | D:5      | Noticed Crazy Yiuf
  7266 | D:5      | HP: 1/32 [Crazy Yiuf (13)]
  7272 | D:5      | Killed Crazy Yiuf
  7862 | D:6      | Reached skill level 5 in Spellcasting
  7879 | D:6      | Found a sacrificial altar of Ru.
  7930 | D:6      | Noticed Edmund
  7950 | D:5      | Reached skill level 1 in Fighting
  7950 | D:5      | Reached XP level 8. HP: 33/37 MP: 9/16
  8170 | D:6      | Killed Edmund
  8850 | D:6      | Found a basalt altar of Yredelemnul.
  8866 | D:6      | Reached skill level 8 in Stealth
  8876 | D:6      | Noticed Grinder
  8884 | D:6      | Paralysed by Grinder for 7 turns
  9439 | D:6      | Killed Grinder
  9440 | D:6      | Reached skill level 5 in Dodging
  9456 | D:6      | Found a staircase to the Ecumenical Temple.
  9504 | Temple   | Entered the Ecumenical Temple
  9562 | Temple   | Became a worshipper of Dithmenos the Shadowed
  9653 | D:6      | Identified a scroll of acquirement
  9653 | D:6      | Acquired the +3 warlock's mirror {reflect}
  9653 | D:6      | Found the +3 warlock's mirror {reflect}
 10120 | D:7      | Reached XP level 9. HP: 43/43 MP: 17/17
 10122 | D:7      | Reached skill level 9 in Stealth
 10597 | D:7      | Reached skill level 1 in Invocations
 10989 | D:7      | Found Ritsuchu's Assorted Antiques.
 10994 | D:7      | Bought a scroll labelled OLAISO LEMIC for 32 gold pieces
 10994 | D:7      | Bought a viscous coppery potion for 28 gold pieces
 11004 | D:7      | Found Diyxab's Jewellery Emporium.
 11214 | D:7      | Found Kuven's General Store.
 11240 | D:7      | Reached skill level 1 in Shields
 11312 | D:7      | Bought a potion of curing for 45 gold pieces
 11312 | D:7      | Bought a scroll of identify for 30 gold pieces
 12198 | D:8      | Reached * piety under Dithmenos
 12344 | D:8      | Identified the ring "Pihoun" {rElec rF+ rCorr Int-4 Stlth+}
 12367 | D:8      | Noticed Erica
 12425 | D:8      | Reached skill level 10 in Stealth
 12869 | D:8      | Killed Erica
 12870 | D:8      | Reached XP level 10. HP: 8/49 MP: 8/18
 13317 | D:9      | Found a runed translucent gate.
 13317 | D:9      | Found a runed translucent gate.
 13317 | D:9      | Found a runed translucent gate.
 13347 | D:9      | Noticed a glowing orange brain
 13348 | D:9      | Noticed a red ugly thing
 13375 | D:9      | Noticed a green ugly thing
 13375 | D:9      | Noticed a red ugly thing
 13376 | D:9      | Noticed an elephant
 13376 | D:9      | a merfolk changed into an elephant
 13384 | D:9      | an elephant changed into a wind drake
 13779 | D:9      | Reached skill level 10 in Short Blades
 14073 | D:9      | Reached ** piety under Dithmenos
 14120 | D:9      | Reached skill level 11 in Stealth
 14229 | D:9      | Found a staircase to the Lair.
 14550 | D:9      | Noticed a moth of wrath
 14551 | D:9      | Noticed a glowing shapeshifter
 14551 | D:9      | a moth of wrath changed into a glowing shapeshifter
 14552 | D:9      | Noticed an anaconda
 14552 | D:9      | a glowing shapeshifter changed into an anaconda
 14554 | D:9      | Noticed an eye of devastation
 14554 | D:9      | an anaconda changed into an eye of devastation
 15053 | D:10     | Entered Level 10 of the Dungeon
 15325 | D:10     | Reached XP level 11. HP: 46/54 MP: 13/19
 15480 | D:10     | Noticed Gastronok
 15611 | D:10     | Found a flagged portal.
 15645 | Bailey   | Entered a bailey
 15815 | Bailey   | Learned a level 3 spell: Dazzling Flash
 15819 | Bailey   | Learned a level 3 spell: Teleport Other
 16134 | Bailey   | Reached *** piety under Dithmenos
 16763 | Bailey   | Noticed an orc knight
 16974 | Bailey   | Noticed an orc warlord
 17164 | Bailey   | Reached skill level 5 in Fighting
 17431 | Bailey   | Killed an orc knight
 17618 | Bailey   | Reached skill level 5 in Invocations
 18080 | Bailey   | Found the +3 pair of gauntlets of War {Slay+5}
 18215 | D:10     | Found an opulent altar of Gozag.
 18507 | D:10     | Found Yzaclabb's Book Shop.
 18519 | D:10     | Bought a book of Burglary for 308 gold pieces
 18523 | D:10     | Learned a level 3 spell: Swiftness
 18574 | D:10     | Killed Gastronok
 18575 | D:10     | Reached skill level 12 in Stealth
 18658 | D:10     | Acquired 852 gold pieces
 18701 | Lair:1   | Entered Level 1 of the Lair of Beasts
 18770 | Lair:1   | Found a basalt altar of Yredelemnul.
 19181 | Lair:1   | Reached **** piety under Dithmenos
 19942 | Lair:2   | Noticed an eight-headed hydra
 19949 | Lair:2   | Killed an eight-headed hydra
 19968 | Lair:2   | Reached XP level 12. HP: 60/60 MP: 22/22
 20044 | Lair:2   | Noticed an eight-headed hydra
 20205 | Lair:1   | Killed an eight-headed hydra
 20555 | Lair:1   | Found a basalt altar of Yredelemnul.
 20912 | Lair:2   | Identified the +2 scale mail "Woatup Naymp" {+Inv rC+}
 21008 | Lair:2   | Found a staircase to the Swamp.
 21161 | Lair:2   | Noticed an eight-headed hydra
 21168 | Lair:2   | Killed an eight-headed hydra
 22610 | Lair:2   | Reached skill level 13 in Stealth
 22723 | Lair:3   | Found a hole to the Spider Nest.
 23136 | Lair:3   | Noticed an eight-headed hydra
 23141 | Lair:3   | Reached ***** piety under Dithmenos
 23174 | Lair:2   | Killed an eight-headed hydra
 23293 | Lair:3   | Found a runed translucent door.
 23293 | Lair:3   | Found a shimmering altar of Xom.
 23293 | Lair:3   | Noticed Domino's ghost (journeyman MiBe)
 23377 | Lair:3   | Reached skill level 10 in Dodging
 24007 | Lair:4   | Found a white marble altar of Elyvilon.
 24016 | Lair:4   | Found a frozen archway.
 24032 | Lair:4   | Reached XP level 13. HP: 65/65 MP: 26/26
 24086 | Lair:4   | Reached XP level 14. HP: 74/74 MP: 27/27
 24147 | Lair:4   | Learned a level 6 spell: Invisibility
 24148 | IceCv    | Entered an ice cave
 24421 | Lair:4   | Reached skill level 10 in Hexes
 25410 | Lair:5   | Reached skill level 5 in Shields
 26837 | Lair:4   | Found a white marble altar of Elyvilon.
 28486 | Lair:5   | Reached skill level 14 in Stealth
 28623 | Lair:5   | Found a viscous altar of Jiyva.
 28623 | Lair:5   | Found a staircase to the Slime Pits.
 28770 | Lair:5   | Reached ****** piety under Dithmenos
 31037 | Lair:6   | Entered Level 6 of the Lair of Beasts
 32255 | Lair:6   | Reached XP level 15. HP: 79/79 MP: 29/29
 32262 | Lair:6   | Identified the +10 hand axe "Unaaruoc" {protect, rPois
                  | Str+4}
 35271 | D:11     | Found a staircase to the Orcish Mines.
 35351 | D:11     | Got Sif Muna's Catalogue of Execration
 35483 | D:11     | Noticed Nergalle
 35487 | D:11     | Killed Nergalle
 35864 | D:12     | Noticed Josephine
 36018 | D:12     | Noticed Maurice
 36025 | D:12     | Killed Maurice
 36231 | D:12     | Found a gate leading to a gauntlet.
 36957 | D:13     | Reached skill level 15 in Stealth
 38350 | D:14     | Found a gate to the Vaults.
 39601 | D:15     | Entered Level 15 of the Dungeon
 39706 | D:15     | Reached skill level 15 in Short Blades
 40296 | D:15     | Reached XP level 16. HP: 84/84 MP: 30/30
 40297 | D:15     | Found a staircase to the Depths.
 40822 | Orc:1    | Entered Level 1 of the Orcish Mines
 41721 | Orc:2    | Entered Level 2 of the Orcish Mines
 41721 | Orc:2    | Found Sumof's Antique Weapon Shop.
 42080 | Orc:2    | Found Cegu's Book Shoppe.
 42089 | Orc:2    | Found Falokkill's General Store.
 42123 | Orc:2    | Noticed Rupert
 42123 | Orc:2    | Noticed Donald
 42127 | Orc:2    | Found Orpha Unk's Distillery.
 42152 | Orc:2    | Killed Rupert
 42369 | Orc:2    | Killed Donald
 42407 | Orc:2    | Found Ucoroyny's Antique Weapon Emporium.
 42422 | Orc:2    | Noticed Erolcha
 42438 | Orc:2    | Killed Erolcha
 43113 | Orc:2    | Found a staircase to the Elven Halls.
 43172 | Orc:2    | Noticed Snorg
 43421 | Orc:2    | Killed Snorg
 44399 | Orc:2    | Found Niublusk's Distillery.
 44400 | Orc:2    | Found Soli's Antique Weapon Boutique.
 44400 | Orc:2    | Found Afippuxtuh's Armour Shop.
 44401 | Orc:2    | Found Zemoekko's Distillery.
 44425 | Orc:2    | Gained mutation: Your body sometimes deteriorates upon
                  | taking damage. [potion of mutation]
 44425 | Orc:2    | Gained mutation: Potions are less effective at restoring
                  | your health. [potion of mutation]
 44425 | Orc:2    | Gained mutation: Your muscles are strong. (Str +2) [potion
                  | of mutation]
 44425 | Orc:2    | Gained mutation: You have a somewhat thin skeletal
                  | structure. (Dex +2, Stealth+) [potion of mutation]
 44426 | Orc:2    | Lost mutation: Potions are less effective at restoring your
                  | health. [potion of mutation]
 44426 | Orc:2    | Lost mutation: Your body sometimes deteriorates upon taking
                  | damage. [potion of mutation]
 44426 | Orc:2    | Gained mutation: You passively dampen the noise of your
                  | surroundings. [potion of mutation]
 44426 | Orc:2    | Gained mutation: Your flesh is heat resistant. (rF+)
                  | [potion of mutation]
 44426 | Orc:2    | Gained mutation: You possess an exceptional clarity of
                  | mind. [potion of mutation]
 44645 | Elf:1    | Entered Level 1 of the Elven Halls
 44660 | Elf:1    | Reached skill level 16 in Stealth
 44663 | Elf:1    | Reached skill level 10 in Fighting
 44809 | Elf:1    | Reached skill level 15 in Dodging
 45259 | Elf:1    | HP: 1/85 [deep elf annihilator/crystal spear (84)]
 45640 | Elf:1    | Got the Guide on Battle Magic
 45957 | Elf:2    | Found a radiant altar of Vehumet.
 45982 | Elf:1    | Paralysed by an air elemental for 1 turns
 46918 | Elf:2    | Found a radiant altar of Vehumet.
 47050 | Elf:1    | Reached XP level 17. HP: 83/89 MP: 21/31
 47297 | Elf:2    | Found a runed translucent gate.
 47299 | Elf:2    | Found a runed translucent gate.
 47300 | Elf:2    | Found a runed translucent gate.
 47508 | Elf:2    | Reached skill level 15 in Hexes
 48052 | Swamp:1  | Entered Level 1 of the Swamp
 48224 | Swamp:1  | Reached skill level 17 in Stealth
 48951 | Swamp:2  | Mangled by a bunyip

Illustrated notes

Levels and vault maps discovered:
D:1:      dpeg_arrival_ternary, layout_basic,
          dreamdust_ecumenical_altar_angels_and_demons
D:2:      layout_rooms, basic_altar, minmay_pentomino_r4
D:3:      layout_basic, lightli_temple_of_fire, gammafunk_temple_overflow_claw,
          serial_shops, nicolae_shop_overgrown_old_shop,
          minmay_goblin_kobold_house
D:4:      layout_gridville, uniq_menkaure
D:5:      minmay_diamond_boxcup, layout_loops_corners, uniq_crazy_yiuf_cottage
D:6:      layout_gridville, mainiacjoe_overflow_24_doors,
          nicolae_ru_sacrificial_ziggurat,
          minmay_temple_entry_statues_fountains, uniq_grinder, uniq_edmund
D:7:      layout_basic, serial_shops, nicolae_shop_crystal, shop, shop
D:8:      layout_basic, corexii_corridor_pit, uniq_erica
D:9:      layout_small_grid, minmay_lair_entry_grove,
          ploomutoo_gammafunk_ghost_potion_laboratory
D:10:     layout_big_octagon, grunt_gozag_breadcrumbs, serial_shops,
          nicolae_shop_temple_entry_statues_fountains, enter_bailey_5,
          uniq_gastronok
D:11:     layout_loops_ring, minmay_orc_entry_temple_small, serial_glass,
          glass_columns_c, glass_columns_a, glass_columns_a, glass_columns_c,
          glass_columns_a, glass_columns_a, uniq_nergalle
D:12:     layout_roguey, gauntlet_entry_generic, uniq_maurice, uniq_josephine
D:13:     layout_grid_maze
D:14:     layout_roguey, hangedman_vaults_entry_quadrant_bands, serial_undead,
          serial_undead_e, serial_undead_c, serial_undead_f, serial_undead_d,
          serial_undead_c, serial_undead_e, serial_undead_c, serial_undead_d,
          minivault_25, chequers_serial_rivers_micro_a
D:15:     grunt_enter_depths_snipers, layout_loops_corners, nrook_campfire
Temple:   regret_index_temple_waves
Lair:1:   layout_cave_pods, basic_altar
Lair:2:   layout_cave_pods, nicolae_swamp_entry_splash_gauntlet
Lair:3:   beast_lair_carwin_large_4, layout_cave_shapes,
          nicolae_spider_entry_tight_spaces, ebering_ghost_xom,
          serial_bayou_pond_c
Lair:4:   layout_gridlike, portal_ice_cave_entry_pillars_1, basic_altar,
          chequers_serial_rivers_micro_a, hibernation_bobbens,
          infiniplex_staircase_pool
Lair:5:   layout_concentric_octagons, dpeg_slime_entry_enclosed_altar,
          special_room [special_room_bee], grunt_forest_large_clearings,
          grunt_megastairs_2
Lair:6:   hangedman_lair_in_review, layout_big_grid
Swamp:1:  layout_falls_marsh, serial_swamp_ruin, evilmike_swamp_ruin_rubble_1,
          evilmike_swamp_ruin_house_5, hangedman_swamp_diagram
Swamp:2:  layout_basic_swamp, evilmike_swamp_ruin_house_2, swamp_pool1,
          grunt_witch_cave
Orc:1:    layout_caves, basic_altar, bh_open_orc_temple
Orc:2:    st_orc_pillars, layout_diamond_mine, serial_shops, shop_statue, shop,
          nicolae_shop_window_shopping,
          nicolae_shop_competitors_out_of_business, shop_statue, uniq_rupert,
          uniq_donald, uniq_snorg, uniq_erolcha
Elf:1:    layout_rooms, minmay_elf_annihilation
Elf:2:    elven_hall_of_blades_hangedman_original
          [nicolae_blade_entry_antechamber], layout_geoelf_grid, serial_sigils,
          serial_sigils_hangedman_snap, serial_sigils_hangedman_scratch,
          serial_sigils_hangedman_confine, serial_sigils_hangedman_snap,
          basic_altar, david_defended_altar_elf

Skill      XL: |  1  2  3  4  5  6  7  8  9 10 11 12 13 14 15 16 17 |
---------------+----------------------------------------------------+-----
Hexes          | 4 5 6 7 8 9 11 13 14 15 | 15.4
Spellcasting   | 3 4 5 6 8 9 |  9.0
Short Blades   | 2 3 4 6 7 9 10 11 12 14 15 16 | 16.6
Stealth        | 5 6 7 8 10 11 12 13 14 15 16 17 | 17.1
Dodging        | 3 5 6 8 9 10 12 14 15 16 | 16.3
Fighting       | 1 2 3 4 5 6 8 9 10 | 10.5
Invocations    | 3 4 5 6 7 8 9 |  9.9
Shields        | 2 3 4 5 6 7 |  7.2

Action                   |  1- 3 |  4- 6 |  7- 9 | 10-12 | 13-15 | 16-18 || total
-------------------------+-------+-------+-------+-------+-------+-------++-------
Melee: Dagger            |   140 |   106 |   270 |       |       |   127 ||   643
       Short sword       |       |       |   136 |   867 |  1181 |   676 ||  2860
 Cast: Ensorcelled Hiber |    22 |    28 |    94 |   242 |   357 |   168 ||   911
       Confusing Touch   |       |       |    23 |    17 |    47 |    10 ||    97
       Dazzling Flash    |       |       |       |     6 |     1 |       ||     7
       Invisibility      |       |       |       |       |     9 |    28 ||    37
Invok: Shadow Step       |       |       |       |     1 |       |     1 ||     2
Evoke: Wand              |       |       |     1 |     5 |     3 |     3 ||    12
  Use: Scroll            |     3 |     8 |    10 |     9 |     4 |     6 ||    40
       Potion            |       |       |     1 |     1 |     2 |     3 ||     7
 Stab: Sleeping          |    24 |    35 |    63 |   140 |   181 |   125 ||   568
       Distracted        |       |     1 |       |     2 |     2 |     3 ||     8
       Confused          |       |       |    20 |    29 |    62 |     4 ||   115
       Invisible         |       |       |     1 |     4 |    76 |    99 ||   180
       Paralysed         |       |       |       |     1 |       |       ||     1
       Petrified         |       |       |       |       |     3 |       ||     3
Armor: Robe              |    16 |    12 |    27 |    28 |       |       ||    83
       Steam dragon scal |       |       |       |     8 |    81 |    19 ||   108
Dodge: Dodged            |   102 |    62 |   254 |   445 |   710 |   317 ||  1890
Block: Buckler           |       |       |    55 |   288 |   423 |   207 ||   973
       Reflection        |       |       |     1 |    11 |    11 |    18 ||    41

Table legend: (Time is in decaauts)
 A = Elapsed time spent in this place.
 B = Non-inter-level travel time spent in this place.
 C = Inter-level travel time spent in this place.
 D = Time resting spent in this place.
 E = Time spent auto-exploring this place.
 F = Levels seen in this place.
 G = Mean time per level.
                   A        B        C        D        E       F      G
               +--------+--------+--------+--------+--------+-----+--------+
         Total |  38298 |  36851 |   1447 |  14193 |  16130 |  30 | 1276.6 |
       Dungeon |  17279 |  16696 |    583 |   5922 |   8174 |  15 | 1151.9 |
        Temple |    105 |     96 |      9 |      0 |     85 |   1 |  105.0 |
          Lair |  12827 |  12250 |    577 |   5640 |   4647 |   6 | 2137.8 |
         Swamp |    718 |    693 |     25 |     42 |    463 |   2 |  359.0 |
  Orcish Mines |   2896 |   2701 |    195 |    413 |   1699 |   2 | 1448.0 |
   Elven Halls |   2478 |   2422 |     56 |   1066 |    854 |   2 | 1239.0 |
        Bailey |   1961 |   1961 |      0 |   1108 |    204 |   1 | 1961.0 |
      Ice Cave |     30 |     30 |      0 |      0 |      1 |   1 |   30.0 |
               +--------+--------+--------+--------+--------+-----+--------+

Top non-repeatable levels by time:
  Lair:4: 3227 daAuts
  Lair:6: 2655 daAuts
  Lair:5: 2421 daAuts
     D:1: 2214 daAuts
     D:5: 2087 daAuts
  Bailey: 1961 daAuts
  Lair:1: 1687 daAuts
     D:8: 1559 daAuts
   Orc:1: 1542 daAuts
     D:6: 1520 daAuts
  Lair:3: 1512 daAuts
   Elf:1: 1499 daAuts
    D:14: 1357 daAuts
   Orc:2: 1354 daAuts
  Lair:2: 1323 daAuts
